 Dungeon Crawl Stone Soup version 0.28.0 (webtiles) character file.

Game seed: 11385238203095206126

616 Descartes the Bolt Thrower (level 7, -1/50 HPs)
             Began as a Formicid Wanderer on Feb 4, 2022.
             Succumbed to a scorpion's poison
             ... on level 5 of the Dungeon.
             The game lasted 00:10:25 (4015 turns).

Descartes the Bolt Thrower (Formicid Wanderer)      Turns: 4015, Time: 00:10:26

Health: -1/50      AC: 12    Str: 19    XL:     7   Next: 73%
Magic:  7/7        EV:  7    Int: 12    God:
Gold:   96         SH:  4    Dex:  9    Spells: 6/6 levels left

rFire   + . .      SeeInvis +   b - +2 flail (vorpal)
rCold   . . .      Faith    .   e - +0 buckler
rNeg    . . .      Spirit   .   r - +0 chain mail
rPois   .          Reflect  .   (helmet unavailable)
rElec   .          Harm     .   (no cloak)
rCorr   .          Rampage  .   j - +0 pair of gloves
Will    +....                   t - +0 pair of boots
Stlth   ..........              (no amulet)
HPRegen 0.16/turn               n - ring of protection from fire
MPRegen 0.10/turn               i - ring of willpower

@: lethally poisoned (-1 -> -6)
A: permanent stasis, dig shafts and tunnels, antennae 3, four strong arms
a: Dig, Shaft Self


You were on level 5 of the Dungeon.
You visited 1 branch of the dungeon, and saw 5 of its levels.

You collected 96 gold pieces.

Inventory:

Hand Weapons
 a - a +3 hand crossbow
 b - a +2 vorpal flail (weapon)
 v - a +0 vampiric halberd
 y - a +0 hunting sling
Missiles
 d - 21 bolts
 q - 148 stones (quivered)
 u - 23 arrows
Armour
 e - a +0 buckler (worn)
 j - a +0 pair of gloves (worn)
 r - a +0 chain mail (worn)
 t - a +0 pair of boots (worn)
Jewellery
 g - a ring of positive energy
 i - a ring of willpower (right hand)
 n - a ring of protection from fire (left hand)
Scrolls
 f - 2 scrolls of teleportation {unknown}
 h - a scroll of enchant weapon {unknown}
 k - 2 scrolls of vulnerability {unknown}
 l - a scroll of enchant armour {unknown}
 m - 3 scrolls of identify {unknown}
Potions
 c - 2 potions of lignification
 o - a potion of might {unknown}
 p - a potion of cancellation {unknown}
 s - 2 potions of heal wounds {unknown}
 w - 2 potions of curing {unknown}
 x - a potion of attraction {unknown}
 z - a potion of mutation {unknown}


   Skills:
 - Level 2.1 Fighting
 + Level 2.8 Maces & Flails
 - Level 5.0 Crossbows
 + Level 4.5 Armour
 - Level 1.0 Dodging
 + Level 4.5 Shields
 + Level 3.5 Translocations
 - Level 1.1 Invocations


You had 6 spell levels left.
You didn't know any spells.
Your spell library contained the following spells:

 Spells                   Type           Power      Damage    Failure   Level
 Sandblast                Erth           0%         2d4       99%         1
 Passwall                 Tmut/Erth      0%         N/A       100%        2
 Frozen Ramparts          Ice            0%         1d2       100%        3
 Stone Arrow              Conj/Erth      0%         3d7       100%        3
 Summon Guardian Golem    Hex/Summ       0%         N/A       100%        3
 Ice Form                 Ice/Tmut       0%         N/A       100%        4
 Summon Ice Beast         Ice/Summ       0%         N/A       100%        4
 Orb of Destruction       Conj           0%         9d5       100%        7
 Spellforged Servitor     Conj/Summ      0%         N/A       100%        7


Dungeon Overview and Level Annotations

Branches:
Dungeon (5/15)
 Temple: D:4-7

Altars:
Makhleb
Qazlal
Xom

Shops:
D:3 ?   D:4 :*?


Innate Abilities, Weirdness & Mutations

You cannot be hasted, slowed, berserked, paralysed or teleported.
You can dig through walls and to a lower floor.
You have a pair of large antennae on your head. (SInv)
Your four strong arms can wield two-handed weapons with a shield.


Message History

The adder poisons you! The scorpion barely misses you.
The adder closely misses you.
You feel very sick.
You closely miss the adder.
The adder is heavily wounded.
You feel very sick. The adder completely misses you.
The adder barely misses you.
You sock the adder!
You kill the adder!
You feel sick. The scorpion stings you.
You barely miss the scorpion.
You feel sick. The scorpion stings you.
You are more poisoned.
The scorpion poisons you!
You are too injured to fight recklessly!
You are too injured to fight recklessly!
You are too injured to fight recklessly!
You are too injured to fight recklessly!
You closely miss the scorpion.
You feel very sick. You block the scorpion's attack. The scorpion stings you.
* * * LOW HITPOINT WARNING * * *
You thump the scorpion!
The scorpion is almost dead.
* * * LOW HITPOINT WARNING * * *
You feel very sick.
The scorpion stings you but does no damage.
The scorpion barely misses you.
You barely miss the scorpion.
The scorpion is almost dead.
You feel sick. The scorpion stings you!
* * * LOW HITPOINT WARNING * * *
You barely miss the scorpion.
The scorpion is almost dead.
* * * LOW HITPOINT WARNING * * *
You feel sick.
The scorpion stings you but does no damage.
You block the scorpion's attack.
You hit the scorpion.
The scorpion is almost dead.
You die...

#. ##.# ##...
###.... ###
.)..... ..#
#..... #.#
#....###.#####..
#...s@.......#
#.#.####.####.##
# #<........
#.#######. ...#
###.# #.# ..#
#.#


You could see a scorpion.

Vanquished Creatures
  Sigmund (D:3)
  An ogre (D:4)
  An orc priest (D:4)
  A jelly (D:3)
  2 iguanas (D:4)
  An orc wizard (D:4)
  10 gnolls
  4 adders
  An adder skeleton (D:4)
  A worm (D:2)
  A dart slug (D:1)
  12 orcs
  5 bats
  7 endoplasms
  3 giant cockroaches
  9 goblins
  8 hobgoblins
  6 kobolds
  2 quokkas
  9 ball pythons
  5 frilled lizards
  5 rats
95 creatures vanquished.

Notes
Turn   | Place    | Note
-------+----------+-------------------------------------------
     0 | D:1      | Descartes the Formicid Wanderer began the quest for the
                  | Orb.
     0 | D:1      | Descartes set off with the following items: a +3 hand
                  | crossbow, 23 bolts, a potion of lignification, a +0 leather
                  | armour
     0 | D:1      | Reached XP level 1. HP: 16/16 MP: 1/1
   108 | D:1      | Reached XP level 2. HP: 22/22 MP: 2/2
   380 | D:1      | Reached skill level 1 in Shields
   476 | D:1      | Reached skill level 1 in Translocations
   606 | D:1      | Reached XP level 3. HP: 27/27 MP: 3/3
  1116 | D:2      | Reached XP level 4. HP: 33/33 MP: 4/4
  1164 | D:2      | Found a shimmering altar of Xom.
  1682 | D:3      | Found a shimmering altar of Xom.
  1693 | D:3      | Reached XP level 5. HP: 38/38 MP: 5/5
  2064 | D:3      | Found Hagofen's Magic Scroll Emporium.
  2377 | D:3      | Noticed Sigmund
  2388 | D:3      | Killed Sigmund
  2389 | D:3      | Reached skill level 1 in Maces & Flails
  2389 | D:3      | Reached XP level 6. HP: 35/44 MP: 6/6
  2609 | D:3      | Found a faded altar of an unknown god.
  2734 | D:4      | Noticed an ogre
  2734 | D:4      | Found Zueklul's Book Shop.
  2742 | D:4      | Killed an ogre
  2743 | D:4      | Reached XP level 7. HP: 40/50 MP: 7/7
  3084 | D:4      | Found Kuseq's Assorted Antiques.
  3399 | D:4      | Found a stormy altar of Qazlal.
  3420 | D:4      | Found Nekor's Magic Scroll Boutique.
  3714 | D:4      | Found a burning altar of Makhleb.
  3996 | D:5      | Entered Level 5 of the Dungeon
  4014 | D:5      | HP: 1/50 [poisoned by a scorpion]
  4015 | D:5      | Succumbed to a scorpion's poison

Illustrated notes

Levels and vault maps discovered:
D:1:      psy_arrival_radial01, layout_basic
D:2:      layout_rooms, basic_altar
D:3:      layout_basic, mainiacjoe_overflow_small_starburst,
          shapermc_ecumenical_altar_petra, serial_shops,
          nicolae_shop_hallway_plus, chequers_serial_rivers_micro_d,
          uniq_sigmund
D:4:      layout_loops_ring, nicolae_overflow_crystal_walls,
          mainiacjoe_overflow_boulevard, serial_shops, nicolae_shop_crystal,
          shop, shop
D:5:      layout_loops_ring

Skill      XL: |  1  2  3  4  5  6 |
---------------+-------------------+-----
Shields        | 1 2 3 4 |  4.5
Translocations | 1 2 3 |  3.5
Armour         | 2 3 4 |  4.5
Maces & Flails | 1 2 |  2.8
Fighting       | |  2.1
Crossbows      | |  5.0
Dodging        | |  1.0
Invocations    | |  1.1

Action                   |  1- 3 |  4- 6 |  7- 9 || total
-------------------------+-------+-------+-------++-------
Melee: Flail             |       |    43 |    71 ||   114
       Mace              |       |     4 |       ||     4
 Fire: Hand crossbow     |    54 |    59 |    16 ||   129
Armor: Leather armour    |     1 |       |       ||     1
       Ring mail         |       |     3 |       ||     3
       Chain mail        |       |    25 |    38 ||    63
Dodge: Dodged            |     2 |    22 |    22 ||    46
Block: Buckler           |     1 |    10 |    16 ||    27
